Unix NetHack Version 5.0.0-0 post-release - last build May  4 2026 22:22:43 (774f63e81ad911689b3a0859ea89b322d5daca8d,branch:main).

Game began 2026-05-10 16:09:08, ended 2026-05-10 21:00:27.

GdeVolpiano, neutral female human Tourist

                  -------
                  |.....|                               ---------
   -----------    |.....|                               $$$.$$$....|
   |.........|    |<....|                               $$$$.......)[##
   |.........|   #......|                               ...........|  #
   |.........|   #|.....|                                 -- -------  #
   |.........|   #|.....|                                             #
   --|----.---   #---.-.-                               P    0        #
     ##   #     ##   ###                               @#    #####    #
      #   #    ##      #                          -----H------..-#    ##
      ##  #    #       #                          |....0........|##########
    ---.--.--- #       #             --------     |.............|      # -|---
    |........| #       ###         ##.......|     |...0.........|      #|...`|
    |........|##   ------|-------  # |......|     |....%........|      #..%.>|
    |.........#    |.^..(........### |......|    0%[.0.)........|       |....|
    ----------     |........)...|    |...----    #---------------       |....|
                   |?_).[...[...|    |...|########                      |...{|
                   --------------    |...-#                             ------
                                     -----

GdeVolpiano the Peregrinatrix  St:25 Dx:16 Co:18 In:13 Wi:12 Ch:17  Neutral
Dlvl:18 $:272 HP:0(112) Pw:52(52) AC:-11 Xp:12 T:22768  Satiated

Latest messages:
 You hit the floating eye!
 You are frozen by the floating eye's gaze!
 A boulder misses you.
 The hill giant hits!
 The hill giant hits!
 The hill giant misses!
 The hill giant hits!
 The hill giant hits!
 The hill giant knocks you backward with a powerful blow!
 The hill giant hits!
 The hill giant hits!
 The hill giant hits!
 The hill giant hits!
 The hill giant just misses!
 The hill giant hits!
 The hill giant hits!
 The hill giant hits!
 The hill giant hits!
 The hill giant hits!
 The hill giant hits!
 The hill giant hits!
 The hill giant hits!
 The hill giant hits!
 The hill giant hits!
 The hill giant hits!
 The hill giant hits!
 The hill giant hits!
 The hill giant hits!
 The hill giant hits!
 The hill giant hits!
 The hill giant hits!
 The hill giant hits!
 The hill giant misses!
 The hill giant hits!
 The hill giant hits!
 The hill giant hits!
 The hill giant hits!
 The hill giant hits!
 The hill giant misses!
 The hill giant hits!
 The hill giant hits!
 The hill giant hits!
 The hill giant hits!
 The hill giant misses!
 The hill giant hits!
 The hill giant hits!
 The hill giant hits!
 You die...
 Do you want your possessions identified? [ynq] (y)
 Do you want to see your attributes? [ynq] (y)

Inventory:
 Coins    ('$')
  $ - 272 gold pieces
 Amulets  ('"')
  x - an uncursed amulet of guarding (being worn)
 Weapons  (')')
  B - 50 +0 darts (at the ready)
  V - a fireproof +0 elven short sword (wielded in left hand)
  Z - a rustproof +0 scimitar (wielded in right hand)
 Armor    ('[')
  n - an uncursed very burnt +0 elven leather helm (being worn)
  N - an uncursed greased +0 pair of gauntlets of power (being worn)
  e - a blessed fireproof +3 pair of speed boots (being worn)
  U - an uncursed fireproof +0 cloak of displacement (being worn)
  P - an uncursed +0 dwarvish mithril-coat (being worn)
 Comestibles  ('%')
  u - an uncursed lizard corpse
  R - an uncursed lizard corpse
 Potions  ('!')
  X - a cursed potion of healing
 Rings    ('=')
  v - an uncursed +1 ring of protection (on right hand)
  K - an uncursed ring of shock resistance (on left hand)
 Tools    ('(')
  b - an uncursed bag of holding containing 39 items
  o - an uncursed blindfold
  l - an expensive camera (0:75)
  w - an uncursed magic whistle
  j - a +0 pick-axe
  k - an uncursed skeleton key
  L - an uncursed stethoscope
 Gems/Stones  ('*')
  Y - 7 uncursed worthless pieces of black glass
  a - 6 uncursed worthless pieces of blue glass
  d - 3 uncursed worthless pieces of green glass
  f - 4 uncursed worthless pieces of orange glass
  c - an uncursed worthless piece of yellow glass
  S - 5 uncursed worthless pieces of yellowish brown glass
  G - a blessed luckstone

Contents of the bag of holding:
  4635 gold pieces
  an uncursed apple
  3 uncursed C-rations
  an uncursed carrot
  3 uncursed food rations
  an uncursed fortune cookie
  2 uncursed K-rations
  4 uncursed lembas wafers
  2 uncursed oranges
  4 uncursed tripe rations
  2 uncursed eggs
  2 uncursed lizard corpses
  a wand of digging (0:3)
  a wand of sleep (0:3)
  a wand of striking (0:6)
  a wand of teleportation (0:6)
  a wand of teleportation (0:3)
  an uncursed tin opener
  an uncursed agate stone
  an uncursed amber stone
  2 uncursed amethyst stones
  an uncursed aquamarine stone
  an uncursed citrine stone
  3 uncursed diamonds
  5 uncursed emeralds
  an uncursed garnet stone
  2 uncursed jet stones
  5 uncursed opals
  2 uncursed rubies
  3 uncursed sapphires
  11 uncursed worthless pieces of black glass
  5 uncursed worthless pieces of blue glass
  7 uncursed worthless pieces of green glass
  7 uncursed worthless pieces of orange glass
  9 uncursed worthless pieces of red glass
  10 uncursed worthless pieces of violet glass
  8 uncursed worthless pieces of white glass
  2 uncursed worthless pieces of yellow glass
  4 uncursed worthless pieces of yellowish brown glass

GdeVolpiano the Tourist's attributes:

Background:
 You were a Peregrinatrix, a level 12 female human Tourist.
 You were neutral, on a mission for The Lady
 who was opposed by Blind Io (lawful) and Offler (chaotic).
 You were right-handed.
 You were in the Dungeons of Doom, on level 18.
 You entered the dungeon 22768 turns ago.
 You had 24848 experience points, 15152 more were needed to attain level 13.

Basics:
 You had 0 out of 112 hit points.
 You had all 52 energy points (spell power).
 Your armor class was -11.
 Your wallet contained 272 zorkmids, and
 you had 4635 more stashed away in your pack.
 Autopickup was on for '$?!/="+' plus thrown, with exceptions.

Final Characteristics:
 Your strength was 25 (base:18/04, innate limit:18/100).
 Your dexterity was 16 (limit:18).
 Your constitution was 18 (limit:18).
 Your intelligence was 13 (limit:18).
 Your wisdom was 12 (limit:18).
 Your charisma was 17 (limit:18).

Final Status:
 You were satiated.
 You were unencumbered.
 You were wielding two weapons at once.
 You had basic skill with saber and two weapons.
 Your skill in short sword was limited by being basic with two weapons.

Final Attributes:
 You were piously aligned.
 You were fire resistant.
 You were cold resistant.
 You were sleep resistant.
 You were shock resistant.
 Your items were protected from electric shocks.
 You were poison resistant.
 You were telepathic.
 You had automatic searching.
 You were displaced.
 You had a moderate defense bonus (+9).
 You were protected.
 Your spell casting was impaired by metallic armor.
 You were very fast.
 You were extremely lucky.
 You had extra luck.
 Good luck did not time out for you.
 You are dead.

Miscellaneous:
 You didn't encounter any bones levels.
 Total elapsed playing time was 4 hours, 8 minutes and 10 seconds.

Major events:
 Turn
    1: GdeVolpiano the neutral female human Tourist entered the dungeon
  822: attained the rank of Sightseer (level 3)
 1140: entered the Gnomish Mines
 2402: attained the rank of Excursionist (level 6)
 2923: reached Mine Town
 4851: entered Sokoban
 5553: completed 1st Sokoban level
 5736: completed 2nd Sokoban level
 6035: completed 3rd Sokoban level
 6994: completed 4th Sokoban level
 7847: acquired the Sokoban bag of holding
 8797: attained the rank of Peregrinatrix (level 10)
 9273: acquired the Mines' End luckstone
10812: entered the Bigroom
14055: entered Home 1, the Quest
18929: was bestowed with Trollsbane by The Lady
21922: was bestowed with Ogresmasher by The Lady
22768: killed by a hill giant, while moving through the air

Spells:
 Name                 Level Category     Fail Retention
 knock                  1   matter       100%   26%-50%
 haste self             3   escape       100%   26%-50%
 detect treasure        4   divination   100%   26%-50%
 slow monster           2   enchantment  100%   26%-50%
 detect food            2   divination   100%   51%-75%
 levitation             4   escape       100%   51%-75%
 magic missile          2   attack       100%   51%-75%
 healing                1   healing      100%   51%-75%
 create monster         2   clerical     100%   51%-75%
 cure blindness         2   healing      100%   51%-75%

Skills:
 Fighting Skills
   bare handed combat [Unskilled]
   two weapon combat  [Basic]
   riding             [Unskilled]
 Weapon Skills
   dagger             [Unskilled]
   knife              [Unskilled]
   axe                [Unskilled]
   pick-axe           [Unskilled]
   short sword        [Expert]
   broadsword         [Unskilled]
   long sword         [Unskilled]
   two-handed sword   [Unskilled]
   saber              [Basic]
   mace               [Unskilled]
   morning star       [Unskilled]
   flail              [Unskilled]
   hammer             [Unskilled]
   quarterstaff       [Unskilled]
   polearms           [Unskilled]
   spear              [Unskilled]
   trident            [Unskilled]
   lance              [Unskilled]
   bow                [Unskilled]
   sling              [Unskilled]
   crossbow           [Unskilled]
   dart               [Skilled]
   shuriken           [Unskilled]
   boomerang          [Unskilled]
   whip               [Unskilled]
   unicorn horn       [Unskilled]
 Spellcasting Skills
   divination spells  [Unskilled]
   enchantment spells [Unskilled]
   escape spells      [Unskilled]

Voluntary challenges:
 Character rerolling was not enabled.
 You never genocided any monsters.
 You never changed form.
 You used no wishes.
 You violated the special Sokoban rules once.
Achievements:
 You entered a shop.
 You attained the rank of Sightseer.
 You entered the Gnomish Mines.
 You attained the rank of Excursionist.
 You entered Minetown.
 You entered a temple.
 You entered Sokoban.
 You completed Sokoban.
 You attained the rank of Peregrinatrix.
 You completed the Gnomish Mines.
 You entered the Big Room.

 The Dungeons of Doom: levels 1 to 19
    Level 1:
       Some fountains.
    Level 2:
       A general store.
    Level 3:
       Stairs down to The Gnomish Mines.
    Level 4: "tempstash"
       A fountain.
    Level 5:
       Many fountains.
    Level 6:
       An armor shop, a fountain.
       Stairs up to Sokoban, level 5.
    Level 7:
    Level 8:
       Some fountains.
    Level 9:
       An armor shop, some fountains, a sink.
    Level 10:
    Level 11:
       A very big room.
       Summoned by Twoflower.
       Portal to The Quest.
    Level 12:
    Level 13:
       An altar, a grave.
    Level 14:
    Level 15:
       A grave.
    Level 16:
       A primitive area.
    Level 17:
       A fountain.
    Level 18: <- You were here.
       An altar to The Lady, a fountain.
       Final resting place for
          you, killed by a hill giant, while moving through the air.
    Level 19:
 The Gnomish Mines: levels 4 to 12
    Level 4: "rich leprechaun"
    Level 5:
    Level 6:
    Level 7: "acet3"
       Many shops, a temple and an altar, some fountains.
    Level 8:
    Level 9:
    Level 10:
    Level 11:
    Level 12:
 The Quest:
    Level 1:
       Home.
 Sokoban: levels 5 up to 2
    Level 2:
       Solved.
    Level 3:
       Solved.
    Level 4:
       Solved.
    Level 5:
       Solved.


Vanquished creatures:
  a displacer beast
  a titanothere
  a vampire leader
  2 nurses
 an Aleax
  a frost giant
 an ettin
  2 golden nagas
  5 black puddings
  2 lieutenants
  a ghost
  2 giant mimics
  2 long worms
  2 zruties
  4 fire giants
 an ogre tyrant
  2 ice trolls
  3 elven monarchs
  a doppelganger
  4 large mimics
  a wumpus
  a couatl
  3 stalkers
  4 hill giants
  a giant mummy
  a black naga
 an elf-noble
  a warg
  a winter wolf
  3 small mimics
  a xan
  3 ogre leaders
  2 quantum mechanics
  2 trolls
  a sasquatch
  a wood golem
  3 gelatinous cubes
  a pyrolisk
  3 freezing spheres
  a flaming sphere
  2 shocking spheres
  2 gargoyles
  5 tengu
  2 ochre jellies
  a mountain centaur
  2 stone giants
  2 elf mummies
  a python
  2 pit vipers
  2 cobras
  6 wraiths
  a carnivorous ape
  3 leather golems
  2 Grey-elves
  a watchman
 an amorous demon
  2 giant beetles
  4 quivering blobs
  5 cockatrices
  4 wolves
  7 winter wolf cubs
  2 panthers
  2 gremlins
  4 leprechauns
  2 orc-captains
 an iron piercer
  6 giant spiders
  2 scorpions
  a horse
 an ice vortex
  a baby long worm
  3 black lights
  a vampire bat
  4 forest centaurs
  3 gnome rulers
  2 orc mummies
  3 ogres
  a brown pudding
  a rust monster
  6 owlbears
  3 yetis
  6 lizards
  a dingo
  a housecat
  3 jaguars
  a dwarf leader
  a white unicorn
  6 dust vortices
  4 ravens
  a gnome mummy
  6 snakes
  2 apes
 12 Woodland-elves
  5 soldier ants
  2 bugbears
 an imp
  2 quasits
  2 wood nymphs
  a water nymph
  a mountain nymph
  7 Mordor orcs
 19 Uruk-hai
 an orc shaman
  4 rock piercers
  4 rock moles
  2 ponies
  2 fog clouds
  5 yellow lights
  4 violet fungi
 18 gnome leaders
  7 gnomish wizards
  a kobold mummy
  2 ghouls
  3 straw golems
  3 giant ants
  a little dog
  7 floating eyes
  a kitten
 15 dwarves
  2 homunculi
  a kobold leader
  2 kobold shamans
 10 hill orcs
  4 rothes
  3 rabid rats
  2 centipedes
  3 giant bats
  3 monkeys
  4 orc zombies
  2 dwarf zombies
  4 wererats
  a werejackal
  6 iguanas
  9 killer bees
  2 acid blobs
  a coyote
  2 gas spores
  8 hobbits
  a manes
  7 hobgoblins
 15 giant rats
  3 brown molds
  a yellow mold
  2 green molds
  4 red molds
 57 gnomes
  4 garter snakes
  2 gnome zombies
  6 geckos
 11 jackals
  2 foxes
  2 kobolds
  6 goblins
  a sewer rat
  a grid bug
  2 bats
 10 lichens
  a kobold zombie
 19 newts
570 creatures vanquished.

No species were genocided or became extinct.

Game over:
                       ----------
                      /          \
                     /    REST    \
                    /      IN      \
                   /     PEACE      \
                  /                  \
                  |   GdeVolpiano    |
                  |     4907 Au      |
                  | killed by a hill |
                  |      giant       |
                  |                  |
                  |                  |
                  |       2026       |
                 *|     *  *  *      | *
        _________)/\\_//(\/(/\)/\//\/|_)_______

Aloha GdeVolpiano the Tourist...

You died in The Dungeons of Doom on dungeon level 18 with 100714 points,
and 4907 pieces of gold, after 22768 moves.
You were level 12 with a maximum of 112 hit points when you died.

